 Dungeon Crawl Stone Soup version 0.30-a0-859-gf88a04b62d (webtiles) character file.

Game seed: 9962482608460126348

4818 Ge0ff the Carver (level 10, -4/88 HPs)
             Began as a Naga Chaos Knight on Mar 6, 2023.
             Was a Plaything of Xom.
             Killed from afar by an acid dragon (18 damage)
             ... with a splash of acid
             ... on level 9 of the Dungeon.
             The game lasted 00:28:56 (9082 turns).

Ge0ff the Carver (Naga Chaos Knight)                Turns: 9082, Time: 00:28:57

Health: -4/88      AC: 10    Str: 15      XL:     10   Next: 48%
Magic:  10/10      EV: -1    Int: 13      God:    Xom [*.....]
Gold:   369        SH:  0    Dex:  6 (12) Spells: 9/9 levels left

rFire   + . .      SeeInvis +    b - +0 long sword
rCold   + . .      Faith    .    (no shield)
rNeg    . . .      Spirit   .    P - +0 gold dragon scales
rPois   +          Reflect  .    Y - +0 helmet
rElec   .          Rampage  .    Q - +0 cloak
rCorr   .                        U - +0 pair of gloves
Will    +....                    (no barding) Stlth
                                 e - amulet of regeneration
HPRegen 1.14/turn                (no ring)
MPRegen 0.12/turn                (no ring)

@: corroded, hasted, studying Armour, unable to read, quick
A: AC +3, large, see invisible, deformed body, poison resistance, slowness 2,
spit poison 1, naga tail 1, iridescent scales 2, clumsy 1, inability to read
after injury 1
a: Spit Poison, Renounce Religion


You were on level 9 of the Dungeon.
You worshipped Xom.
You were a special plaything of Xom.
You visited 1 branch of the dungeon, and saw 8 of its levels.
You also visited: Ossuary and Bailey.

You collected 369 gold pieces.

Inventory:

Hand Weapons
 a - a +4 dagger of protection
 b - a +0 long sword (weapon)
 h - a +0 short sword of chaos
 l - a +3 halberd
Missiles
 n - 7 boomerangs
 o - 15 poisoned darts
Armour
 P - +0 gold dragon scales (worn)
 Q - a +0 cloak (worn)
 U - a +0 pair of gloves (worn)
 V - the +1 robe of the Arcane {Str+5}
   (You found it in a bailey)

   Str:       It affects your strength (+5).
 X - a +2 leather armour
 Y - a +0 helmet (worn)
Jewellery
 e - an amulet of regeneration (around neck)
 r - a ring of fire
Scrolls
 E - a scroll of fear
 J - a scroll of silence {!r}
 O - 3 scrolls of enchant armour
 T - 4 scrolls of teleportation
Potions
 q - a potion of curing
 z - 2 potions of brilliance
 H - 2 potions of haste {!q}
 N - 3 potions of cancellation {!q}
 R - a potion of invisibility {unknown}
 S - a potion of berserk rage {unknown}
 Z - a potion of magic {unknown}
Miscellaneous
 c - a piece from Xom's chessboard (10/15)


   Skills:
 - Level 5.0 Fighting
 - Level 8.0(10.6) Short Blades
 * Level 10.9(12.0) Long Blades
 + Level 3.1 Armour
 - Level 0.7 Dodging
 - Level 5.0 Stealth
 - Level 4.0 Evocations


You had 9 spell levels left.
You didn't know any spells.
Your spell library contained the following spells:

 Spells                   Type           Power      Damage    Failure   Level
 Ensorcelled Hibernation  Hex/Ice        0%         N/A       100%        2
 Passwall                 Tmut/Erth      0%         N/A       100%        2
 Swiftness                Air            0%         N/A       100%        3
 Tukima's Dance           Hex            0%         N/A       100%        3
 Passage of Golubria      Tloc           0%         N/A       100%        4
 Yara's Violent Unravell  Hex/Tmut       0%         3d3       100%        5


Dungeon Overview and Level Annotations

Branches:
Dungeon (9/15) Zot: 26974 Ossuary (visited)          Bailey (visited)
 Temple: D:4-7         Lair: D:8-11         Orc: D:9-12

Altars:
Xom

Annotations:
D:8 Erica, Gastronok


Innate Abilities, Weirdness & Mutations

Your serpentine skin is tough. (AC +3)
You have supernaturally acute eyesight. (SInv)
Armour fits poorly on your strangely shaped body.
Your system is resistant to poisons. (rPois)
You cover ground very slowly.
You can spit poison.
You have a snake-like lower body.
You are mostly covered in iridescent scales. (AC +4)
You are clumsy. (Dex -2)
You occasionally lose the ability to read scrolls when taking damage.


Message History

The splash of acid hits you!
* * * LOW HITPOINT WARNING * * *
The acid corrodes you!
You hit the acid dragon.
The acid dragon is severely wounded.
The acid dragon bites you but does no damage.
The acid dragon claws you but does no damage.
You barely miss the acid dragon.
The acid dragon is severely wounded.
The acid dragon bites you.
* * * LOW HITPOINT WARNING * * *
The acid dragon claws you but does no damage.
You hit the acid dragon but do no damage.
The acid dragon is severely wounded.
The acid dragon bites you but does no damage.
The acid dragon claws you but does no damage.
You hit the acid dragon but do no damage.
The acid dragon is severely wounded.
You closely miss the acid dragon.
The acid dragon is severely wounded.
The acid dragon spits acid at you. The splash of acid hits you!!
You feel threatened and lose the ability to read scrolls!
* * * LOW HITPOINT WARNING * * *
The acid corrodes you!
Really quaff
W - a potion of heal wounds {!q}?
You feel much better. The acid dragon bites you.
* * * LOW HITPOINT WARNING * * *
The acid dragon claws you but does no damage.
You barely miss the acid dragon.
The acid dragon is severely wounded.
The acid dragon bites you!
* * * LOW HITPOINT WARNING * * *
The acid dragon claws you but does no damage.
You feel better. The acid dragon bites you.
* * * LOW HITPOINT WARNING * * *
The acid dragon claws you but does no damage.
Okay, then.
Really quaff
H - 3 potions of haste {!q}?
You feel yourself speed up. The acid dragon bites you.
* * * LOW HITPOINT WARNING * * *
The acid dragon claws you.
* * * LOW HITPOINT WARNING * * *
You barely miss the acid dragon.
The acid dragon is severely wounded.
You make a move on Xom's chessboard...
The acid dragon flickers and vanishes for a moment.
The acid dragon spits acid at you. The splash of acid hits you!!
You die...

...... .#... .
..#. .. # ...
... .. .. .#..
##.####.#...#.
.#.....D.......
.......@..#
...######.# #


You could see an acid dragon (invisible, catching breath).

Vanquished Creatures
  An orc knight (Bailey)
  Pikel (D:8)
  2 orc sorcerers (Bailey)
  A wind drake (shapeshifter) (D:5)
  10 orc warriors
  3 lemures (D:8)
  A phantom (D:5)
  A bullfrog (D:8)
  5 elf zombies (Ossuary)
  A scorpion (D:5)
  A wight (D:8)
  3 electric eels (Bailey)
  2 centaur zombies (Ossuary)
  2 hounds (D:5)
  3 human zombies (Ossuary)
  2 jellies (D:5)
  A gnoll bouda (D:5)
  2 orc priests (D:4)
  A sleepcap (D:5)
  3 iguanas
  An orc wizard (D:5)
  2 mummies (Ossuary)
  8 adders
  10 gnolls
  A worm (D:3)
  3 dart slugs
  19 orcs
  6 endoplasms
  2 giant cockroaches
  19 goblins
  15 hobgoblins
  4 jackals (D:1)
  4 quokkas
  6 ball pythons
  6 bats
  2 frilled lizards (D:1)
  9 kobolds
  11 rats
  A bush (D:1)
175 creatures vanquished.

Vanquished Creatures (collateral kills)
  4 orc warriors (Bailey)
  An elf zombie (Ossuary)
  A human zombie (Ossuary)
  An iguana (D:4)
  A mummy (Ossuary)
  A goblin (Bailey)
  A hobgoblin (Bailey)
10 creatures vanquished.

Vanquished Creatures (others)
  2 orcs (Bailey)
  A goblin (Bailey)
  A hobgoblin (Bailey)
  9 plants
13 creatures vanquished.

Grand Total: 198 creatures vanquished

Notes
Turn   | Place    | Note
-------+----------+-------------------------------------------
     0 | D:1      | Ge0ff the Naga Chaos Knight began the quest for the Orb.
     0 | D:1      | Reached XP level 1. HP: 21/21 MP: 1/1
    38 | D:1      | XOM: silly message
   191 | D:1      | XOM: cloud trail
   197 | D:1      | Reached XP level 2. HP: 28/28 MP: 2/2
   321 | D:1      | XOM: divination: magic mapping
   360 | D:1      | XOM: silly message
  1133 | D:2      | Reached XP level 3. HP: 34/34 MP: 3/3
  1253 | D:2      | Found a faded altar of an unknown god.
  1350 | D:2      | Reached skill level 1 in Evocations
  1697 | D:2      | XOM: give mutations
  1697 | D:2      | Gained mutation: You are weak. (Str -2) [Xom's mischief]
  1697 | D:2      | Gained mutation: You are very weak. (Str -4) [Xom's
                  | mischief]
  1726 | D:2      | Reached XP level 4. HP: 42/42 MP: 4/4
  3091 | D:4      | XOM: smoke on damage
  3095 | D:4      | XOM: summons 4 friendly demons
  3099 | D:4      | Reached XP level 5. HP: 43/49 MP: 5/5
  3151 | D:4      | Reached skill level 5 in Short Blades
  3881 | D:4      | XOM: cloud trail
  3959 | D:5      | Entered Level 5 of the Dungeon
  3959 | D:5      | Noticed an orc warrior
  3971 | D:4      | Reached XP level 6. HP: 54/56 MP: 6/6
  3974 | D:4      | XOM: god gift: 41 gold pieces
  4014 | D:4      | XOM: scenery: 1 doors close
  4156 | D:5      | XOM: smoke on damage
  4221 | D:5      | XOM: summons friendly ufetubus
  4223 | D:5      | XOM: polymorph ufetubus -> shadow imp
  4225 | D:5      | XOM: confuse monster(s)
  4250 | D:5      | Reached XP level 7. HP: 25/62 MP: 7/7
  4315 | D:5      | XOM: 1-stop teleportation journey
  4438 | D:5      | XOM: confusion (+ monsters)
  4549 | D:5      | XOM: confusion
  4566 | D:5      | Reached skill level 5 in Fighting
  4566 | D:5      | Reached skill level 1 in Stealth
  4566 | D:5      | Reached XP level 8. HP: 61/74 MP: 8/8
  4641 | D:5      | an iguana changed into a shapeshifter
  4641 | D:5      | Noticed a shapeshifter (shapeshifter)
  4642 | D:5      | a shapeshifter changed into a human
  4645 | D:5      | a human changed into a wind drake
  4645 | D:5      | Noticed a wind drake (shapeshifter)
  4654 | D:5      | Killed a wind drake
  4991 | D:5      | Reached skill level 5 in Stealth
  5091 | D:5      | XOM: summons 5 hostile demons
  5147 | D:5      | XOM: give mutations
  5147 | D:5      | Gained mutation: You have hidden genetic defects. [Xom's
                  | mischief]
  5147 | D:5      | Gained mutation: You occasionally lose the ability to drink
                  | potions when taking damage. [Xom's mischief]
  5157 | D:5      | Reached skill level 1 in Long Blades
  5159 | D:5      | Lost mutation: You occasionally lose the ability to drink
                  | potions when taking damage. [potion of mutation]
  5159 | D:5      | Lost mutation: You are very weak. (Str -4) [potion of
                  | mutation]
  5159 | D:5      | Gained mutation: Your magical capacity is low. (-10% MP)
                  | [potion of mutation]
  5159 | D:5      | Gained mutation: You have a pair of small horns on your
                  | head. [potion of mutation]
  5159 | D:5      | Gained mutation: You occasionally shout uncontrollably at
                  | your foes. [potion of mutation]
  5160 | D:5      | Lost mutation: Your magical capacity is low. (-10% MP)
                  | [potion of mutation]
  5160 | D:5      | Lost mutation: You have a pair of small horns on your head.
                  | [potion of mutation]
  5160 | D:5      | Lost mutation: You occasionally shout uncontrollably at
                  | your foes. [potion of mutation]
  5160 | D:5      | Gained mutation: You are partially covered in iridescent
                  | scales. (AC +2) [potion of mutation]
  5742 | D:5      | XOM: stat loss: -1 Int (12/13)
  5856 | D:5      | XOM: give mutations
  5856 | D:5      | Gained mutation: You occasionally lose the ability to drink
                  | potions when taking damage. [Xom's mischief]
  5856 | D:5      | Lost mutation: You occasionally lose the ability to drink
                  | potions when taking damage. [Xom's mischief]
  5856 | D:5      | Gained mutation: You are clumsy. (Dex -2) [Xom's mischief]
  5856 | D:5      | Gained mutation: You occasionally lose the ability to read
                  | scrolls when taking damage. [Xom's mischief]
  6320 | D:5      | XOM: cloud trail
  6444 | D:6      | You fall into a shaft and drop 2 floors!
  6459 | D:8      | Found a sand-covered staircase.
  6466 | Ossuary  | Entered an ossuary
  6474 | Ossuary  | XOM: summons friendly shadow imp
  6507 | Ossuary  | Reached skill level 2 in Long Blades
  6539 | Ossuary  | Reached skill level 3 in Long Blades
  6539 | Ossuary  | XOM: fog
  6545 | Ossuary  | Gained mutation: Your spells are a little easier to cast,
                  | but a little less powerful. [hidden defects]
  6573 | Ossuary  | XOM: summons 5 friendly demons
  6599 | Ossuary  | Reached skill level 4 in Long Blades
  6627 | Ossuary  | Reached XP level 9. HP: 79/81 MP: 9/9
  6639 | Ossuary  | XOM: god gift: leather armour {god gift}
  6641 | Ossuary  | XOM: confuse monster(s)
  6684 | Ossuary  | Gained mutation: You occasionally shout uncontrollably at
                  | your foes. [hidden defects]
  6684 | Ossuary  | Lost mutation: You have hidden genetic defects. [hidden
                  | defects expressed]
  6686 | Ossuary  | XOM: 5-stop teleportation journey
  6795 | Ossuary  | Reached skill level 5 in Long Blades
  6899 | D:8      | XOM: scenery: create altars
  6927 | D:8      | Noticed Pikel
  6940 | D:8      | Killed Pikel
  6941 | D:8      | Reached skill level 6 in Long Blades
  6959 | D:8      | Found a flagged portal.
  6972 | Bailey   | Entered a bailey
  7022 | Bailey   | Reached skill level 7 in Long Blades
  7031 | Bailey   | XOM: cast spell 'Summon Horrible Things'
  7057 | Bailey   | Reached skill level 8 in Long Blades
  7112 | Bailey   | XOM: destruction
  7132 | Bailey   | XOM: cleaving
  7161 | Bailey   | Noticed an orc knight
  7172 | Bailey   | an orc knight changed into a death drake
  7172 | Bailey   | Noticed a death drake
  7172 | Bailey   | XOM: polymorph orc knight -> death drake
  7178 | Bailey   | Noticed an orc sorcerer
  7188 | Bailey   | Identified the +1 robe of the Arcane {Str+5}
  7214 | Bailey   | Killed an orc sorcerer
  7215 | Bailey   | Reached skill level 9 in Long Blades
  7215 | Bailey   | Reached XP level 10. HP: 47/88 MP: 10/10
  7235 | Bailey   | XOM: god gift: scroll of noise
  7302 | Bailey   | Found an iron altar of Okawaru.
  7306 | Bailey   | Noticed an orc sorcerer
  7307 | Bailey   | XOM: blink monster(s)
  7309 | Bailey   | Killed an orc sorcerer
  7310 | Bailey   | Reached skill level 10 in Long Blades
  7316 | Bailey   | XOM: divination: detect creatures
  7321 | Bailey   | XOM: summons friendly ufetubus
  7321 | Bailey   | XOM: smoke on damage
  7355 | Bailey   | Lost mutation: Your spells are a little easier to cast, but
                  | a little less powerful. [potion of mutation]
  7355 | Bailey   | Lost mutation: You are weak. (Str -2) [potion of mutation]
  7355 | Bailey   | Lost mutation: You occasionally shout uncontrollably at
                  | your foes. [potion of mutation]
  7355 | Bailey   | Gained mutation: You are robust. (+10% HP) [potion of
                  | mutation]
  7355 | Bailey   | Gained mutation: You are mostly covered in iridescent
                  | scales. (AC +4) [potion of mutation]
  8482 | Bailey   | XOM: give mutation
  8482 | Bailey   | Lost mutation: You are robust. (+10% HP) [Xom's mischief]
  8528 | Bailey   | XOM: 5-stop teleportation journey
  8536 | Bailey   | Noticed an orc knight
  8583 | Bailey   | Killed an orc knight
  8616 | Bailey   | XOM: summons 6 hostile demons
  8632 | Bailey   | XOM: summons 5 hostile demons
  8780 | Bailey   | XOM: smoke on damage
  8844 | Bailey   | Acquired a manual of Armour
  8921 | Bailey   | XOM: noise
  9035 | D:8      | Noticed Erica
  9044 | D:8      | XOM: 1-stop teleportation journey
  9048 | D:8      | Noticed Gastronok
  9048 | D:8      | XOM: swap monsters
  9076 | D:9      | HP: 3/88 [acid dragon/splash of acid (19)]
  9082 | D:9      | Killed from afar by an acid dragon

Illustrated notes

Levels and vault maps discovered:
D:1:      dreamdust_arrival_beginning_and_end, layout_loops_ring, serial_forest,
          infiniplex_forest_clump_small, infiniplex_forest_end_double,
          infiniplex_forest_clump_large, infiniplex_forest_end_3,
          infiniplex_forest_zigzag_1, infiniplex_forest_clump_small,
          infiniplex_forest_clump_curved, infiniplex_forest_lined_1
D:2:      layout_loops_ring, chequers_ecumenical_altar_lobes
D:3:      layout_basic, roderic_roman_lattice, nicolae_elevator_lobby_plus
D:4:      layout_basic
D:5:      corexii_shantytown, layout_basic, dk_noncrumbling_2,
          kennysheep_pointless_box
D:6:      layout_basic, ebering_ghost_sewer_d, minmay_lizard_king
D:8:      layout_loops_ring, chequers_ossuary_entry_cave, enter_bailey_3,
          minmay_misc_feat_nine_boxes, chequers_decorated_corner,
          mrwooster_statue_mirror, nicolae_shop_fire_sale
          [nicolae_sub_dead_trees], st_stairs_1, uniq_pikel, uniq_gastronok,
          uniq_erica
D:9:      layout_basic, mainiacjoe_overflow_divided_tiny, dpeg_oklobed_lair,
          serial_shops, nicolae_shop_advertising_works
          [nicolae_subvault_shop_adworks]

Skill      XL: |  1  2  3  4  5  6  7  8  9 10 |
---------------+-------------------------------+-----
Short Blades   | 4 5 6 7 8 |  8.0
Evocations     | 1 2 3 4 |  4.0
Fighting       | 5 |  5.0
Stealth        | 1 5 |  5.0
Long Blades    | 4 9 10 | 10.9
Armour         | 2 3 |  3.1
Dodging        | |  0.7

Action                     |  1- 3 |  4- 6 |  7- 9 | 10-12 || total
---------------------------+-------+-------+-------+-------++-------
  Melee: Short sword       |   162 |   162 |   123 |    17 ||   464
         Punch             |     2 |     1 |    11 |     2 ||    16
         Long sword        |       |       |   255 |   154 ||   409
         Dagger            |       |       |   184 |     1 ||   185
Ability: Spit Poison       |    17 |    32 |    45 |    23 ||   117
  Evoke: Wand              |       |     4 |    13 |     3 ||    20
         Piece from Xom's  |       |       |     1 |     5 ||     6
    Use: Scroll            |     1 |     8 |     9 |     4 ||    22
         Potion            |       |       |     8 |     4 ||    12
   Stab: Confused          |       |     1 |     2 |       ||     3
         Paralysed         |       |       |    13 |       ||    13
         Petrified         |       |       |     3 |     1 ||     4
         Distracted        |       |       |     4 |       ||     4
 Armour: Leather armour    |    45 |    43 |    44 |       ||   132
         Gold dragon scale |       |       |   386 |   379 ||   765
  Dodge: Dodged            |    49 |    53 |    58 |    18 ||   178

Table legend: (Time is in decaauts)
 A = Elapsed time spent in this place.
 B = Non-inter-level travel time spent in this place.
 C = Inter-level travel time spent in this place.
 D = Time resting spent in this place.
 E = Time spent auto-exploring this place.
 F = Levels seen in this place.
 G = Mean time per level.
                   A        B        C        D        E       F      G
               +--------+--------+--------+--------+--------+-----+--------+
         Total |  11235 |  10763 |    472 |   1316 |   6826 |  10 | 1123.5 |
       Dungeon |   8767 |   8295 |    472 |      0 |   6614 |   8 | 1095.9 |
       Ossuary |    378 |    378 |      0 |      0 |     35 |   1 |  378.0 |
        Bailey |   2090 |   2090 |      0 |   1316 |    176 |   1 | 2090.0 |
               +--------+--------+--------+--------+--------+-----+--------+

Top non-repeatable levels by time:
     D:5: 3043 daAuts
  Bailey: 2090 daAuts
     D:3: 1593 daAuts
     D:1: 1463 daAuts
     D:4: 1409 daAuts
     D:2: 923 daAuts
 Ossuary: 378 daAuts
     D:8: 309 daAuts
     D:9: 24 daAuts
